AoeStats
← Chris

MegaRandom

507380841Analyzed
4v4 RM · 14d ago on Sep 18, 2026· 27m 34s· 8 players
Game mode
Random Map
Map size
Large (8 player)
Population
200
Speed
Normal
Resources
Standard
Victory
Conquest
Starting age
Dark Age
Ending age
Imperial Age
RankedLock teamsTeams togetherTeam positionsShared explorationLock speedFull tech treeHidden civsTurbo modeCheats
Victory
Defeat
🇺🇸 Ethiopians · United States
1282
+15
🇺🇸 Burgundians · United States
1239
+17
🇦🇷 Saracens · Argentina
1223
+17
🇲🇽 Armenians · Mexico
1199
+18
1322
-20
🇲🇽 Turks · Mexico
1313
-19
🇺🇸 Hindustanis · United States
1293
-18
🇵🇪 Ethiopians · Peru
1091
-10
ijkabob
5:50 Double-Bit Axe
5:59 Loom
7:35 Fishing Lines
10:01 Fishing Lines
13:16 Feudal Age
12:50 Fishing Lines
14:20 Bow Saw
15:10 Horse Collar
19:20 Fishing Lines
20:08 Forging
20:04 Scale Barding Armor
19:59 Gillnets
23:01 Castle Age
23:05 Cavalier
27:21 Chain Barding Armor
soulforchildren
10:17 Loom
12:03 Feudal Age
13:23 Double-Bit Axe
13:21 Horse Collar
17:13 Wheelbarrow
17:19 Wheelbarrow
17:01 Fletching
24:38 Castle Age
23:32 Padded Archer Armor
24:32 Gold Mining
25:17 Bodkin Arrow
25:31 Crossbowman
26:48 Hand Cart
27:43 Leather Archer Armor
28:32 Ballistics
[Kpell] AdrianLeverkuhn
7:03 Loom
12:32 Feudal Age
13:18 Double-Bit Axe
20:04 Castle Age
18:30 Fletching
19:56 Gold Mining
20:51 Bodkin Arrow
22:04 Crossbowman
24:14 Padded Archer Armor
25:51 Wheelbarrow
26:41 Horse Collar
27:50 Ballistics
27:27 Town Watch
BigData
7:06 Loom
10:05 Feudal Age
10:50 Double-Bit Axe
10:47 Horse Collar
19:21 Scale Barding Armor
20:40 Wheelbarrow
22:54 Castle Age
21:04 Fletching
22:28 Gold Mining
23:22 Scale Barding Armor
23:28 Bloodlines
24:20 Bow Saw
23:46 Crossbowman
26:53 Bodkin Arrow
Niccals_
8:42 Loom
11:23 Feudal Age
11:55 Double-Bit Axe
16:03 Wheelbarrow
20:17 Castle Age
18:19 Fletching
21:14 Medium Warships
21:03 Bodkin Arrow
Chris
3:17 Loom
11:07 Feudal Age
11:36 Double-Bit Axe
13:53 Wheelbarrow
13:59 Scale Barding Armor
14:04 Horse Collar
17:45 Gold Mining
21:10 Bloodlines
25:38 Castle Age
23:52 Fishing Lines
26:18 Heavy Plow
26:29 Bow Saw
27:12 Chain Barding Armor
Si me criticas te fedeo
0:26 Loom
12:10 Feudal Age
13:51 Wheelbarrow
13:03 Town Watch
12:59 Horse Collar
13:05 Double-Bit Axe
20:06 Fletching
23:56 Castle Age
22:53 Padded Archer Armor
24:07 Stone Mining
24:42 Heavy Plow
Deja de llorar
7:45 Loom
11:19 Feudal Age
13:35 Padded Archer Armor
13:49 Fletching
15:30 Arson
20:56 Wheelbarrow
26:40 Castle Age
Connection lost

Rejoining the realm…

Still unreachable

The connection could not be restored.

Session expired

The server has moved on; the page needs a fresh start.